 Dungeon Crawl Stone Soup version 0.23.2-1-ga50397a6bc (webtiles) character file.

Game seed: 3439609860245212846

23479 KleinerIrrer the Black Belt (level 13, -7/85 HPs)
             Began as an Octopode Monk on May 2, 2019.
             Was a High Priest of Cheibriados.
             Shot with an arrow by Nessos (24 damage)
             ... on level 13 of the Dungeon.
             The game lasted 00:43:55 (12494 turns).

KleinerIrrer the Black Belt (Octopode Monk)        Turns: 12494, Time: 00:43:56

Health: -7/85      AC:  1    Str: 24    XL:     13   Next: 7%
Magic:  13/18      EV: 24    Int: 30    God:    Cheibriados [*****.]
Gold:   593        SH:  0    Dex: 29    Spells: 9/12 levels left

rFire    + . .     SeeInvis +     - Unarmed
rCold    . . .     Gourm    .   (no shield)
rNeg     + . .     Faith    .   (helmet restricted)
rPois    .         Spirit   .   f - amulet of regeneration
rElec    .         Reflect  .   c - ring of positive energy
rCorr    .         Harm     .   t - ring of protection from magic
MR       +....                  k - ring of protection from fire
Stlth    ++++......             s - +2 ring of dexterity
HPRegen  0.64/turn              l - ring of see invisible
MPRegen  0.16/turn              R - ring of Gofikyrof {Wiz +Blink}
                                (no ring)
                                (no ring)

@: lethally poisoned (-7 -> -21), very slow
A: almost no armour, stealthy swim, amphibious, 8 rings, constrict 8, camouflage
1, gelatinous body 1
a: Bend Time, Temporal Distortion, Slouch, Step From Time, Renounce Religion,
Evoke Blink


You were on level 13 of the Dungeon.
You worshipped Cheibriados.
Cheibriados was extremely pleased with you.
You were not hungry.

You visited 1 branch of the dungeon, and saw 13 of its levels.

You collected 837 gold pieces.
You spent 244 gold pieces at shops.

Inventory:

Hand Weapons
 x - a +4 fustibalus
Missiles
 m - 331 stones (quivered)
 y - 207 sling bullets
 K - 6 javelins
Jewellery
 c - a ring of positive energy (left tentacle)
 f - an amulet of regeneration (around mantle)
 h - an uncursed amulet of the acrobat
 k - a ring of protection from fire (on tentacle)
 l - a ring of see invisible (on tentacle)
 o - an uncursed ring of ice
 s - a +2 ring of dexterity (on tentacle)
 t - a ring of protection from magic (right tentacle)
 R - the ring of Gofikyrof (on tentacle) {Wiz +Blink}
   (You found it on level 12 of the Dungeon)

   [ring of wizardry]

   It improves your spell success rate.
   It lets you blink.
Wands
 b - a wand of acid (21)
 d - a wand of flame (33)
 p - a wand of polymorph (11)
 u - a wand of enslavement (4)
 B - a wand of digging (3)
 C - a wand of iceblast (16)
 L - a wand of disintegration (18)
Scrolls
 e - 2 scrolls of remove curse
 g - 2 scrolls of enchant weapon
 i - 2 scrolls of amnesia {unknown}
 r - 2 scrolls of magic mapping
 z - a scroll of silence {unknown}
 A - 3 scrolls of blinking {unknown}
 D - 2 scrolls of enchant armour
 E - 3 scrolls of fear {unknown}
 G - a scroll of summoning {unknown}
 N - 4 scrolls of identify
 S - a scroll of teleportation
Potions
 j - 2 potions of ambrosia
 q - a potion of haste {unknown}
 v - a potion of resistance
 w - 3 potions of flight
 F - 3 potions of lignification
 H - 2 potions of invisibility {unknown}
 I - 3 potions of brilliance {unknown}
 J - a potion of magic {unknown}
 O - 3 potions of curing
 Q - a potion of mutation {unknown}
Miscellaneous
 M - 2 phantom mirrors
Comestibles
 a - 17 rations
 P - 6 chunks of flesh


   Skills:
 + Level 6.6 Fighting
 - Level 10.0 Dodging
 - Level 2.6 Stealth
 + Level 16.6 Unarmed Combat
 * Level 7.0 Invocations


You had 9 spell levels left.
You knew the following spells:

 Your Spells              Type           Power        Failure   Level  Hunger
a - Mephitic Cloud        Conj/Pois/Air  #.......     12%         3    ####...

Your spell library contained the following spells:

 Spells                   Type           Power        Failure   Level  Hunger
 Corona                   Hex            #......      4%          1    ##.....
 Infusion                 Chrm           #...         4%          1    ##.....
 Magic Dart               Conj           #...         4%          1    ##.....
 Sting                    Conj/Pois      #...         4%          1    ##.....
 Poisonous Vapours        Pois/Air       #.....       6%          2    ###....
 Searing Ray              Conj           #.....       6%          2    ###....
 Shroud of Golubria       Chrm/Tloc      #.........   6%          2    ###....
 Slow                     Hex            #.......     6%          2    ###....
 Song of Slaying          Chrm           #.......     6%          2    ###....
 Dazzling Spray           Conj/Hex       #.....       12%         3    ####...
 Inner Flame              Hex/Fire       #.......     12%         3    ####...
 Portal Projectile        Hex/Tloc       #.....       12%         3    ####...
 Regeneration             Chrm/Necr      #.........   12%         3    ####...
 Spectral Weapon          Hex/Chrm       #.......     12%         3    ####...
 Cause Fear               Hex            #.........   34%         4    #####..
 Force Lance              Conj/Tloc      #.......     34%         4    #####..
 Fulminant Prism          Conj/Hex       #.........   34%         4    #####..
 Iskenderun's Mystic Bla  Conj           #.......     34%         4    #####..
 Leda's Liquefaction      Hex/Erth       #.........   34%         4    #####..
 Olgreb's Toxic Radiance  Pois           #.......     34%         4    #####..
 Bolt of Magma            Conj/Fire/Erth #.........   69%         5    ######.
 Iskenderun's Battlesphe  Conj/Chrm      #.......     69%         5    ######.
 Venom Bolt               Conj/Pois      #.........   69%         5    ######.
 Iron Shot                Conj/Erth      #.........   99%         6    #######
 Orb of Destruction       Conj           #.........   100%        7    #######
 Spellforged Servitor     Conj/Summ      #.........   100%        7    #######


Dungeon Overview and Level Annotations

Branches:
Dungeon (13/15)            Temple (0/1) D:7            Lair (0/6) D:11
    Orc (0/2) D:12
 Vaults: D:13-14

Altars:
Cheibriados
Elyvilon
Fedhas
Gozag
Kikubaaqudgha
Nemelex Xobeh
Okawaru
Ru
Sif Muna
Vehumet
Wu Jian
Zin
The Shining One

Shops:
D:9 *

Annotations:
D:13 Nessos


Innate Abilities, Weirdness & Mutations

You cannot wear most types of armour.
You are very stealthy in the water. (Stealth+)
You are amphibious.
You can wear up to eight rings at the same time.
You can use your tentacles to constrict eight enemies at once.
Your skin changes colour to match your surroundings (Stealth+).
Your rubbery body absorbs attacks. (AC +1, EV +1)


Message History

Nessos is lightly wounded.
Nessos hits you.
You tentacle-slap Nessos but do no damage.
You squeeze Nessos.
Nessos is lightly wounded.
Nessos misses you.
Nessos blinks!
Nessos blinks!
Nessos wields a +1 longbow of flaming.
It bursts into flame!
Nessos shoots an arrow.
The arrow hits you!!
You are poisoned.
You see here an arrow.
Okay, then.
You can feel time thicken for a moment.
You feel somewhat more hungry.
Cheibriados lowers the support of your attributes as your movement quickens.
You feel sick.
Nessos shoots an arrow.
The arrow hits you!!
* * * LOW HITPOINT WARNING * * *
The arrow burns you.
You are more poisoned.
* * * LOW HITPOINT WARNING * * *
Nessos shoots an arrow.
The arrow hits you!!
You die...

.......................######....
..............................>..
.................................
........................(.......>
#######################..........
....§.........'..........
.....§..§§....#........).
.c...§.§§.....#######....
.....§§§@§.....# #....
....§§c§§.§....# #....
....(.§.§§§....# #....
...§.....§.....# #....
################ #.... #####


You could see Nessos.

Vanquished Creatures
  Snorg (D:11)
  Fannar (D:11)
  2 centaur warriors (D:13)
  A death knight (D:12)
  2 two-headed ogres
  An unseen horror (D:10)
  An ugly thing (D:13)
  2 manticores (D:11)
  4 cyclopes
  Maurice (D:10)
  3 gargoyles
  Joseph (D:7)
  A freezing wraith (D:12)
  3 trolls
  3 hornets (D:11)
  5 slime creatures (D:13)
  A hippogriff (D:11)
  Sigmund (D:6)
  A shadow (D:11)
  3 wraiths (D:12)
  A wyvern (D:10)
  11 yaks
  4 hungry ghosts
  2 soldier ants
  Duvessa (D:7)
  2 sky beasts
  6 ice beasts
  5 orc warriors
  A black bear (D:2)
  An eye of draining (D:9)
  4 ogres
  3 phantoms
  9 centaurs
  2 crocodiles
  2 big kobolds (D:8)
  5 bullfrogs
  Dowan (D:7)
  2 wyvern zombies
  A water moccasin zombie (D:9)
  7 scorpions
  9 killer bees
  17 wights
  2 howler monkeys
  4 centaur zombies
  9 crimson imps
  A quasit (D:6)
  3 jellies
  3 centaur skeletons
  4 hounds
  6 orc priests
  An iguana (D:6)
  8 orc wizards
  15 worker ants
  3 worker ant zombies (D:9)
  11 adders
  6 gnolls
  2 shadow imps
  2 oozes (D:1)
  2 adder skeletons (D:4)
  3 worms
  2 dart slugs (D:1)
  6 leopard geckos
  51 orcs
  2 ball pythons (D:2)
  7 bats
  3 giant cockroaches
  4 goblins
  6 hobgoblins
  5 jackals
  17 kobolds
  2 quokkas
  4 frilled lizards
  A quokka zombie (D:6)
  6 rats
335 creatures vanquished.

Vanquished Creatures (others)
  An orc wizard (D:8)
1 creature vanquished.

Grand Total: 336 creatures vanquished

Notes
Turn   | Place    | Note
-------+----------+-------------------------------------------
     0 | D:1      | KleinerIrrer the Octopode Monk began the quest for the Orb.
     0 | D:1      | Reached XP level 1. HP: 16/16 MP: 1/1
   122 | D:1      | Reached XP level 2. HP: 13/21 MP: 2/2
   591 | D:1      | Reached skill level 4 in Unarmed Combat
   627 | D:1      | Reached XP level 3. HP: 26/26 MP: 3/3
  1465 | D:2      | Reached XP level 4. HP: 10/31 MP: 4/4
  1882 | D:2      | Reached skill level 5 in Unarmed Combat
  1904 | D:2      | Noticed a black bear
  1973 | D:2      | Killed a black bear
  1973 | D:2      | Reached XP level 5. HP: 20/36 MP: 5/5
  2139 | D:2      | Reached skill level 6 in Unarmed Combat
  2397 | D:3      | Found a deep blue altar of Sif Muna.
  2606 | D:3      | Found a radiant altar of Vehumet.
  2615 | D:3      | Reached XP level 6. HP: 42/42 MP: 6/6
  2857 | D:3      | Reached skill level 7 in Unarmed Combat
  3259 | D:4      | Found a blossoming altar of Fedhas.
  3259 | D:4      | Found an ornate altar of the Wu Jian Council.
  3260 | D:4      | Found a glowing golden altar of the Shining One.
  3260 | D:4      | Found a snail-covered altar of Cheibriados.
  3300 | D:4      | Became a worshipper of Cheibriados the Contemplative
  3300 | D:4      | Reached * piety under Cheibriados
  3300 | D:4      | Reached ** piety under Cheibriados
  3711 | D:4      | Found an opulent altar of Gozag.
  3713 | D:4      | Found a sparkling altar of Nemelex Xobeh.
  3716 | D:4      | Found an iron altar of Okawaru.
  3717 | D:4      | Found an ancient bone altar of Kikubaaqudgha.
  3720 | D:4      | Found a sacrificial altar of Ru.
  3723 | D:4      | Found a white marble altar of Elyvilon.
  3794 | D:4      | Reached XP level 7. HP: 28/46 MP: 7/7
  3870 | D:5      | Entered Level 5 of the Dungeon
  3881 | D:5      | Reached skill level 8 in Unarmed Combat
  4202 | D:5      | Reached skill level 9 in Unarmed Combat
  4331 | D:5      | Reached XP level 8. HP: 52/52 MP: 8/8
  4767 | D:6      | Noticed Sigmund
  4868 | D:6      | Reached *** piety under Cheibriados
  4894 | D:6      | Killed Sigmund
  5010 | D:6      | Reached skill level 10 in Unarmed Combat
  5206 | D:6      | Found a glowing silver altar of Zin.
  5440 | D:7      | Reached XP level 9. HP: 35/57 MP: 9/9
  5449 | D:7      | Reached skill level 11 in Unarmed Combat
  5998 | D:7      | Reached **** piety under Cheibriados
  6000 | D:7      | Noticed Joseph
  6011 | D:7      | Reached skill level 5 in Dodging
  6018 | D:7      | Killed Joseph
  6104 | D:7      | Noticed Duvessa
  6106 | D:7      | Noticed Dowan
  6114 | D:7      | Killed Duvessa
  6117 | D:7      | Killed Dowan
  6289 | D:7      | Found a staircase to the Ecumenical Temple.
  6690 | D:7      | Reached skill level 12 in Unarmed Combat
  6877 | D:8      | Reached XP level 10. HP: 55/64 MP: 10/10
  7040 | D:8      | Reached ***** piety under Cheibriados
  7536 | D:9      | Found Elicw's Assorted Antiques.
  7984 | D:9      | Reached skill level 5 in Fighting
  8269 | D:9      | Bought a sedimented silvery potion for 27 gold pieces
  8269 | D:9      | Bought a scroll labeled WOAGULE FOCE for 31 gold pieces
  8269 | D:9      | Bought a scroll of identify for 62 gold pieces
  8269 | D:9      | Bought a scroll labeled BAENIUR SOECU for 31 gold pieces
  8269 | D:9      | Bought a potion of lignification for 93 gold pieces
  8283 | D:9      | Reached skill level 13 in Unarmed Combat
  8384 | D:10     | Entered Level 10 of the Dungeon
  8619 | D:10     | Noticed an unseen horror
  8636 | D:10     | Killed an unseen horror
  8636 | D:10     | Reached skill level 1 in Invocations
  8636 | D:10     | Reached XP level 11. HP: 48/72 MP: 10/12
  8942 | D:10     | Noticed Maurice
  8948 | D:10     | Killed Maurice
  9424 | D:11     | Noticed a manticore
  9444 | D:11     | Killed a manticore
  9511 | D:11     | Noticed a manticore
  9520 | D:11     | Killed a manticore
  9633 | D:11     | Reached skill level 14 in Unarmed Combat
  9713 | D:11     | Reached ****** piety under Cheibriados
  9752 | D:11     | Noticed a cyclops
  9767 | D:11     | Killed a cyclops
  9870 | D:11     | Noticed a two-headed ogre
  9878 | D:11     | Killed a two-headed ogre
 10061 | D:11     | Found a staircase to the Lair.
 10427 | D:11     | Noticed Snorg
 10430 | D:11     | Noticed Fannar
 10439 | D:11     | Killed Snorg
 10447 | D:11     | Killed Fannar
 10526 | D:11     | Paralysed by a hornet for 2 turns
 10529 | D:11     | Reached XP level 12. HP: 48/79 MP: 15/15
 10816 | D:12     | Noticed a death knight
 10824 | D:12     | Killed a death knight
 10824 | D:12     | Reached skill level 15 in Unarmed Combat
 10870 | D:12     | Reached skill level 5 in Invocations
 11046 | D:12     | Found a staircase to the Orcish Mines.
 11218 | D:12     | Reached skill level 10 in Dodging
 11275 | D:12     | Got a translucent steel ring
 11276 | D:12     | Identified the ring of Gofikyrof {Wiz +Blink} (You found it
                  | on level 12 of the Dungeon)
 11282 | D:12     | Learned a level 3 spell: Mephitic Cloud
 11824 | D:13     | Noticed a centaur warrior
 11836 | D:13     | Killed a centaur warrior
 11920 | D:13     | Reached skill level 16 in Unarmed Combat
 12065 | D:13     | Noticed a centaur warrior
 12073 | D:13     | Killed a centaur warrior
 12221 | D:13     | Noticed a two-headed ogre
 12225 | D:13     | Killed a two-headed ogre
 12225 | D:13     | Reached XP level 13. HP: 57/84 MP: 18/18
 12353 | D:13     | Identified the +6 chain mail of Mezcal {-Cast rElec rF+}
 12484 | D:13     | Noticed Nessos
 12494 | D:13     | Shot with an arrow by Nessos

Skill      XL: |  1  2  3  4  5  6  7  8  9 10 11 12 13 |
---------------+----------------------------------------+-----
Unarmed Combat | 4 5 6 7 9 10 12 13 14 16 | 16.6
Dodging        | 4 6 7 9 10 | 10.0
Fighting       | 4 5 6 |  6.6
Invocations    | 1 4 6 7 |  7.0
Stealth        | |  2.6

Action                   |  1- 3 |  4- 6 |  7- 9 | 10-12 | 13-15 || total
-------------------------+-------+-------+-------+-------+-------++-------
Melee: Unarmed           |    61 |   140 |   141 |   357 |    27 ||   726
       Tentacles         |    14 |    30 |    47 |   146 |    17 ||   254
       Constrict         |    11 |    35 |    32 |    56 |     3 ||   137
       Punch             |       |     7 |    20 |    80 |     5 ||   112
 Fire: Fustibalus        |       |       |    52 |    86 |       ||   138
Throw: Throwing net      |     1 |       |       |       |       ||     1
       Stone             |       |    44 |    68 |   102 |    18 ||   232
 Cast: Mephitic Cloud    |       |       |       |     3 |       ||     3
Invok: Slouch            |       |       |       |     5 |     1 ||     6
Evoke: Wand              |       |       |       |     6 |       ||     6
  Use: Potion            |     1 |     1 |     3 |     7 |       ||    12
       Scroll            |       |    11 |     6 |     9 |     1 ||    27
 Stab: Sleeping          |     9 |     7 |     1 |     7 |       ||    24
       Distracted        |       |       |       |     1 |       ||     1
       Confused          |       |       |       |     1 |       ||     1
  Eat: Ration            |     1 |       |     1 |       |       ||     2
       Chunk             |       |     5 |     3 |    11 |       ||    19
Armor: Skin              |     5 |     7 |     1 |    29 |       ||    42
Dodge: Dodged            |    31 |    88 |    85 |   308 |    20 ||   532
